 Dungeon Crawl Stone Soup version 0.27-a0-760-gc38aae387d (webtiles) character file.

Game seed: 8236088768198204491

21737 Hasart the Basher (level 12, -22/64 HPs)
             Began as a Vine Stalker Fighter on Mar 24, 2021.
             Was a High Priest of Qazlal.
             Succumbed to a black mamba's poison
             ... on level 2 of the Lair of Beasts on Mar 25, 2021.
             The game lasted 00:34:33 (13021 turns).

Hasart the Basher (Vine Stalker Fighter)           Turns: 13021, Time: 00:34:36

Health: -22/64     AC: 18    Str: 25    XL:     12   Next: 93%
Magic:  4/13       EV:  9    Int:  8    God:    Qazlal [*****.]
Gold:   1377       SH: 17    Dex: 13    Spells: 11/11 levels left

rFire    + + .     SeeInvis .   D - +3 morningstar
rCold    . . .     Faith    .   c - +0 kite shield
rNeg     . . .     Spirit   +   V - +2 chain mail {rF+}
rPois    .         Reflect  .   q - +2 helmet
rElec    .         Harm     .   b - +0 cloak {rF+}
rCorr    .         Rampage  .   (no gloves)
Will     +....                  z - +0 pair of boots
Stlth    ..........             S - amulet of magic regeneration
HPRegen  1.20/turn              e - +4 ring of slaying
MPRegen  0.38/turn              (no ring)

@: lethally poisoned (-22 -> -47), repel missiles
A: fangs 3, regeneration 1, magic shield, antimagic bite, no potion heal 3
a: Renounce Religion, Upheaval, Elemental Force, Disaster Area


You were on level 2 of the Lair of Beasts.
You worshipped Qazlal.
Qazlal was extremely pleased with you.
You visited 4 branches of the dungeon, and saw 16 of its levels.
You also visited: Volcano.

You collected 1512 gold pieces.
You spent 135 gold pieces at shops.

Inventory:

Hand Weapons
 D - a +3 morningstar (weapon)
 K - a +1 morningstar of holy wrath
 U - a +2 great mace of flaming
Missiles
 A - 10 curare-tipped darts (quivered)
 R - 25 boomerangs
Armour
 a - a +0 tower shield
 b - a +0 cloak of fire resistance (worn)
 c - a +0 kite shield (worn)
 q - a +2 helmet (worn)
 x - a +1 leather armour of poison resistance
 z - a +0 pair of boots (worn)
 B - a +2 cloak
 Q - +0 fire dragon scales
 V - a +2 chain mail of fire resistance (worn)
Jewellery
 e - a +4 ring of slaying (right hand)
 P - a ring of wizardry
 S - an amulet of magic regeneration (around neck)
Wands
 s - a wand of digging (6)
 w - a wand of flame (30)
 C - a wand of acid (16)
Scrolls
 g - 6 scrolls of identify
 i - 2 scrolls of vulnerability
 j - 2 scrolls of magic mapping
 k - 5 scrolls of enchant armour
 n - 2 scrolls of immolation {unknown}
 o - 6 scrolls of teleportation
 t - 6 scrolls of amnesia {unknown}
 u - 4 scrolls of fog {unknown}
 y - a scroll of fear
 F - 2 scrolls of blinking {unknown}
 I - a scroll of torment {unknown}
 M - a scroll of summoning {unknown}
 N - a scroll of brand weapon {unknown}
 O - a scroll of acquirement {unknown}
 W - a scroll of silence {unknown}
Potions
 d - 3 potions of might
 f - 3 potions of curing
 h - a potion of cancellation
 l - 6 potions of degeneration
 m - 3 potions of brilliance {unknown}
 p - a potion of lignification {unknown}
 r - 4 potions of heal wounds
 v - a potion of mutation
 E - 2 potions of berserk rage {unknown}
 G - a potion of haste {unknown}
 H - a potion of attraction {unknown}
 J - a potion of invisibility {unknown}
 L - 9 potions of ambrosia
 T - a potion of resistance {unknown}


   Skills:
 + Level 7.8 Fighting
 * Level 10.4 Maces & Flails
 + Level 6.6 Throwing
 + Level 7.0 Armour
 + Level 6.2 Dodging
 + Level 7.8 Shields
 + Level 5.3 Evocations


You had 11 spell levels left.
You didn't know any spells.
Your spell library contained the following spells:

 Spells                   Type           Power      Damage    Failure   Level
 Animate Skeleton         Necr           0%         N/A       99%         1
 Apportation              Tloc           0%         N/A       99%         1
 Corona                   Hex            0%         N/A       99%         1
 Magic Dart               Conj           0%         1d3       99%         1
 Sandblast                Erth           0%         2d4       99%         1
 Summon Small Mammal      Summ           0%         N/A       99%         1
 Call Imp                 Summ           0%         N/A       100%        2
 Passwall                 Tmut/Erth      0%         N/A       100%        2
 Poisonous Vapours        Pois/Air       0%         N/A       100%        2
 Searing Ray              Conj           0%         3d3       100%        2
 Call Canine Familiar     Summ           0%         N/A       100%        3
 Confusing Touch          Hex            0%         N/A       100%        3
 Conjure Flame            Conj/Fire      0%         6-21      100%        3
 Dazzling Flash           Conj/Hex       0%         N/A       100%        3
 Gell's Gravitas          Tloc           0%         N/A       100%        3
 Lesser Beckoning         Tloc           0%         N/A       100%        3
 Mephitic Cloud           Conj/Pois/Air  0%         N/A       100%        3
 Stone Arrow              Conj/Erth      0%         3d7       100%        3
 Summon Guardian Golem    Hex/Summ       0%         N/A       100%        3
 Tukima's Dance           Hex            0%         N/A       100%        3
 Fulminant Prism          Conj/Hex       0%         3d6       100%        4
 Iskenderun's Mystic Bla  Conj/Tloc      0%         2d3       100%        4
 Petrify                  Tmut/Erth      0%         N/A       100%        4
 Summon Ice Beast         Ice/Summ       0%         N/A       100%        4
 Summon Lightning Spire   Summ/Air       0%         N/A       100%        4
 Alistair's Intoxication  Tmut/Pois      0%         N/A       100%        5
 Bolt of Magma            Conj/Fire/Erth 0%         4d4       100%        5
 Iskenderun's Battlesphe  Conj           0%         2d6       100%        5
 Lee's Rapid Deconstruct  Erth           0%         3d5*      100%        5
 Metabolic Englaciation   Hex/Ice        0%         N/A       100%        5
 Yara's Violent Unravell  Hex/Tmut       0%         3d3       100%        5
 Freezing Cloud           Conj/Ice/Air   0%         6-21      100%        6
 Invisibility             Hex            0%         N/A       100%        6
 Iron Shot                Conj/Erth      0%         9d1       100%        6
 Orb of Destruction       Conj           0%         N/A       100%        7
 Spellforged Servitor     Conj/Summ      0%         N/A       100%        7


Dungeon Overview and Level Annotations

Branches:
Dungeon (11/15)            Temple (1/1) D:7            Lair (2/6) D:9
    Orc (2/2) D:11            Elf (0/3) Orc:2       Volcano (visited)
  Swamp: Lair:2-4    Shoals: Lair:2-4     Snake: Lair:2-4    Spider: Lair:2-4

Altars:
Ashenzari
Dithmenos
Elyvilon
Fedhas
Gozag
Makhleb
Nemelex Xobeh
Qazlal
Ru
Sif Muna
Trog
Uskayaw
Vehumet
Xom
Yredelemnul
Zin

Shops:
D:2 ?[=?*   Orc:1 !

Annotations:
D:8 2 transporters, emiel's ghost, novice SpGl


Innate Abilities, Weirdness & Mutations

You have razor-sharp teeth.
Your natural rate of healing is unusually fast.
When hurt, damage is shared between your health and your magic reserves.
Your bite disrupts and absorbs the magic of your enemies.
Potions cannot restore your health.


Message History

The black mamba is severely wounded.
You feel sick. You block the black mamba's attack. The black mamba bites you.
You closely miss the black mamba. Your bite misses the black mamba.
The black mamba is severely wounded.
You feel sick. The black mamba bites you. You block the black mamba's attack.
You closely miss the black mamba. You bite the black mamba!
You drain its power.
You feel invigorated.
The black mamba is almost dead.
You feel sick.
You are no longer poisoned.
You block the black mamba's attack.
The black mamba bites you but does no damage.
You closely miss the black mamba.
The black mamba is almost dead.
You block the black mamba's attack. The black mamba bites you.
You are poisoned.
The black mamba poisons you!
Unknown command.
You barely miss the black mamba. Your bite misses the black mamba.
The black mamba is almost dead.
* * * LOW HITPOINT WARNING * * *
You feel extremely sick. The black mamba bites you!
* * * LOW HITPOINT WARNING * * *
You are lethally poisoned!
The black mamba poisons you! The black mamba bites you.
* * * LOW HITPOINT WARNING * * *
Aiming: Upheaval
Press: ? - help, Dir - move target, f - black mamba
Aim: a black mamba (almost dead) That beam is likely to hit you.
Continue anyway?
Okay, then.
Aiming: Corrosive Bolt
Press: ? - help, Shift-Dir - straight line, f/p - black mamba
Aim: a black mamba (almost dead, 43% to evade)
The bolt of acid hits the black mamba!
The black mamba is splashed with acid!
The acid corrodes the black mamba!
You kill the black mamba!
Qazlal accepts your kill.
You die...

##.<.##
#..<#.####
#.....#...#
#....###...###
#....# ##....#
....# #.##.#
.... ##..###
..# #..##
##@.# #..##
......○..#
..........#
.#..###....#
## ##....#
#.....#
...#.## ###...


There were no monsters in sight!

Vanquished Creatures
  Josephine (D:11)
  A fire dragon (D:11)
  A hydra (Lair:1)
  A hell knight (Volcano)
  Sonja (Orc:1)
  A deep elf zephyrmancer (D:10)
  An orc knight (Orc:2)
  A cyclops (D:11)
  A manticore (D:11)
  An ugly thing (Volcano)
  An orc sorcerer (Orc:2)
  A black mamba (Lair:2)
  Maurice (Orc:2)
  A smoke demon (Volcano)
  4 komodo dragons (Lair:1)
  3 cane toads (Lair:1)
  A red devil (Volcano)
  3 trolls
  A queen bee (Lair:1)
  Prince Ribbit (D:6)
  2 shadows
  7 wraiths
  10 yaks
  Eustachio (D:4)
  A steam dragon (D:8)
  6 wargs
  4 water moccasins
  3 hell hounds (Volcano)
  18 orc warriors
  2 black bears
  2 sky beasts
  An ice beast (D:6)
  7 ogres
  2 necrophages
  A centaur (D:7)
  4 phantoms
  A wyvern zombie (D:6)
  A gnoll sergeant (D:9)
  4 bullfrogs (Lair:1)
  A water moccasin zombie (D:5)
  A troll zombie (D:11)
  20 wights
  31 killer bees
  3 howler monkeys (D:10)
  2 centaur zombies
  A crimson imp (D:9)
  A bullfrog zombie (D:5)
  2 hounds
  13 orc priests
  Crazy Yiuf (D:7)
  3 bullfrog skeletons
  Jessica (D:3)
  Natasha (thrice) (D:3)
  2 iguanas
  19 orc wizards
  2 worker ants (D:7)
  2 killer bee zombies
  7 ogre zombies (D:11)
  Robin (D:3)
  3 gnolls (D:9)
  4 adders
  A shadow imp (D:6)
  2 white imps (D:7)
  2 ufetubi (D:5)
  2 worms
  A dart slug (D:4)
  89 orcs
  9 ball pythons
  5 endoplasms
  4 giant cockroaches
  14 goblins
  5 hobgoblins
  6 jackals
  6 quokkas
  4 bats
  11 frilled lizards
  A goblin skeleton (D:11)
  A goblin zombie (D:11)
  2 hobgoblin skeletons (D:11)
  4 hobgoblin zombies (D:11)
  9 kobolds
  An orc skeleton (D:11)
  15 orc zombies (D:11)
  4 rats
425 creatures vanquished.

Vanquished Creatures (others)
  3 fungi (Lair:1)
  6 plants
9 creatures vanquished.

Grand Total: 434 creatures vanquished

Notes
Turn   | Place    | Note
-------+----------+-------------------------------------------
     0 | D:1      | Hasart the Vine Stalker Fighter began the quest for the
                  | Orb.
     0 | D:1      | Reached XP level 1. HP: 11/11 MP: 2/2
    69 | D:1      | Reached skill level 2 in Maces & Flails
   124 | D:1      | Reached XP level 2. HP: 4/16 MP: 3/3
   975 | D:2      | Found Iplodots's General Store.
   981 | D:2      | Bought a scroll of magic mapping for 45 gold pieces
  1091 | D:2      | Found Rigico's Magic Scroll Shoppe.
  1174 | D:2      | Reached XP level 3. HP: 19/19 MP: 4/4
  1559 | D:2      | Found Siostrin's Armour Boutique.
  1627 | D:2      | Found Yggyfill's Magic Scroll Shop.
  1651 | D:2      | Found Puusua's Jewellery Boutique.
  1892 | D:3      | Gained mutation: Your natural rate of healing is unusually
                  | fast. [Vine Stalker growth]
  1892 | D:3      | Reached XP level 4. HP: 24/24 MP: 5/5
  2207 | D:3      | Reached skill level 3 in Maces & Flails
  2238 | D:3      | Noticed Natasha
  2243 | D:3      | Killed Natasha
  2244 | D:3      | Reached XP level 5. HP: 28/28 MP: 6/6
  2341 | D:3      | Noticed Robin
  2399 | D:3      | Killed Robin
  2470 | D:3      | Noticed Jessica
  2473 | D:3      | Noticed Natasha
  2475 | D:3      | Killed Jessica
  2479 | D:3      | Killed Natasha
  2830 | D:3      | Noticed Natasha
  2834 | D:3      | Killed Natasha
  2835 | D:3      | Reached XP level 6. HP: 32/32 MP: 7/7
  2870 | D:4      | Noticed Eustachio
  2995 | D:4      | Noticed a water moccasin
  3049 | D:4      | Reached skill level 4 in Maces & Flails
  3049 | D:4      | Reached skill level 1 in Dodging
  3112 | D:4      | Killed a water moccasin
  3113 | D:4      | Reached skill level 1 in Throwing
  3113 | D:4      | Reached XP level 7. HP: 16/37 MP: 5/8
  3207 | D:4      | Killed Eustachio
  3396 | D:4      | Found a glowing silver altar of Zin.
  3617 | D:5      | Entered Level 5 of the Dungeon
  3696 | D:5      | Found a blossoming altar of Fedhas.
  3696 | D:5      | Found a broken altar of Ashenzari.
  3724 | D:5      | Gained mutation: You have razor-sharp teeth. [Vine Stalker
                  | growth]
  3724 | D:5      | Reached XP level 8. HP: 40/42 MP: 7/9
  3801 | D:5      | Reached skill level 5 in Maces & Flails
  4254 | D:5      | Found a hide-covered altar of Uskayaw.
  4983 | D:6      | Found a shadowy altar of Dithmenos.
  5022 | D:6      | Noticed Prince Ribbit
  5031 | D:6      | Killed Prince Ribbit
  5310 | D:7      | Reached XP level 9. HP: 36/46 MP: 8/10
  5318 | D:7      | Reached skill level 6 in Maces & Flails
  5340 | D:7      | Reached skill level 5 in Fighting
  5405 | D:7      | Reached skill level 5 in Shields
  5828 | D:7      | Found a staircase to the Ecumenical Temple.
  5838 | Temple   | Entered the Ecumenical Temple
  5864 | Temple   | Became a worshipper of Qazlal Stormbringer
  6056 | D:7      | Found a runed translucent door.
  6057 | D:7      | Noticed Crazy Yiuf
  6068 | D:7      | Killed Crazy Yiuf
  6291 | D:8      | Noticed emiel's ghost (novice SpGl)
  6294 | D:8      | Noticed a troll
  6302 | D:8      | Noticed a harpy
  6302 | D:8      | a troll changed into a harpy
  6454 | D:8      | Reached skill level 1 in Evocations
  6654 | D:8      | Reached skill level 7 in Maces & Flails
  6658 | D:8      | Reached skill level 5 in Armour
  6723 | D:8      | Reached * piety under Qazlal
  6753 | D:8      | Found a transporter.
  6762 | D:8      | Found a transporter.
  6763 | D:8      | Noticed a salamander
  6769 | D:8      | Noticed a cyclops
  6769 | D:8      | a salamander changed into a cyclops
  6776 | D:8      | a cyclops changed into a snapping turtle
  6794 | D:8      | Noticed a deep troll
  6794 | D:8      | a dream sheep changed into a deep troll
  7077 | D:8      | Noticed a shadow dragon
  7161 | D:6      | Found a shimmering altar of Xom.
  7198 | D:6      | Reached XP level 10. HP: 49/51 MP: 11/11
  7569 | D:8      | Noticed a golden dragon
  7989 | D:8      | Noticed an acid blob
  7992 | D:8      | Noticed a golden dragon
  7992 | D:8      | an acid blob changed into a golden dragon
  7998 | D:8      | Noticed a rockslime
  7998 | D:8      | a golden dragon changed into a rockslime
  8138 | D:9      | Found a staircase to the Lair.
  8274 | D:9      | Reached ** piety under Qazlal
  8568 | D:9      | Found a burning altar of Makhleb.
  8621 | D:10     | Entered Level 10 of the Dungeon
  8701 | D:10     | Identified the +5 rapier "Urphatung" {antimagic, +Rage
                  | Str-4 Int+2 Dex+4}
  9106 | D:10     | Reached skill level 8 in Maces & Flails
  9147 | D:10     | Noticed a deep elf zephyrmancer
  9153 | D:10     | Killed a deep elf zephyrmancer
  9367 | D:10     | Found a radiant altar of Vehumet.
  9549 | D:11     | Noticed a cyclops
  9559 | D:11     | Killed a cyclops
  9560 | D:11     | Reached XP level 11. HP: 57/57 MP: 12/12
  9590 | D:11     | Found a staircase to the Orcish Mines.
  9605 | D:11     | Reached skill level 5 in Throwing
  9635 | D:11     | Noticed Josephine
  9645 | D:11     | Killed Josephine
  9662 | D:11     | Reached *** piety under Qazlal
  9723 | D:11     | Reached skill level 5 in Dodging
  9973 | D:11     | Noticed a manticore
  9979 | D:11     | Killed a manticore
 10086 | D:11     | Noticed a fire dragon
 10093 | D:11     | Killed a fire dragon
 10094 | D:11     | Reached skill level 9 in Maces & Flails
 10507 | Orc:1    | Entered Level 1 of the Orcish Mines
 10669 | Orc:1    | Reached **** piety under Qazlal
 10710 | Orc:1    | Found a dark tunnel.
 10719 | Volcano  | Entered a volcano
 10740 | Volcano  | Noticed a red ugly thing
 10759 | Volcano  | Killed a red ugly thing
 10839 | Volcano  | Noticed a hell knight
 10855 | Volcano  | Killed a hell knight
 10856 | Volcano  | Reached XP level 12. HP: 24/63 MP: 9/13
 11229 | Orc:1    | Found Xustausk's Distillery.
 11238 | Orc:1    | Bought a potion of degeneration for 10 gold pieces
 11238 | Orc:1    | Bought a potion of mutation for 80 gold pieces
 11404 | Orc:2    | Entered Level 2 of the Orcish Mines
 11404 | Orc:2    | Noticed Maurice
 11409 | Orc:2    | Killed Maurice
 11455 | Orc:2    | Noticed an orc warlord
 11522 | Orc:2    | Noticed Sonja
 11530 | Orc:1    | Killed Sonja
 11711 | Orc:2    | Reached ***** piety under Qazlal
 11827 | Orc:2    | Found a staircase to the Elven Halls.
 12114 | Orc:2    | Noticed an orc warlord
 12232 | Lair:1   | Entered Level 1 of the Lair of Beasts
 12295 | Lair:1   | Reached skill level 10 in Maces & Flails
 12298 | Lair:1   | Reached skill level 5 in Evocations
 12705 | Lair:1   | Noticed a six-headed hydra
 12726 | Lair:1   | Killed a six-headed hydra
 13020 | Lair:2   | HP: 3/64 [black mamba (1)]
 13021 | Lair:2   | Succumbed to a black mamba's poison

Illustrated notes

Levels and vault maps discovered:
D:1:      dpeg_arrival_rooms_with_view, layout_rooms, serial_glass,
          glass_columns_a, glass_columns_a, grunt_decor_resistance
D:2:      layout_basic, serial_shops, shop, nicolae_shop_waterfront, shop,
          nicolae_shop_trees, nicolae_shop_trees, minmay_tetromino_l2
D:3:      layout_basic, minmay_lizard_king, uniq_natasha, uniq_robin,
          uniq_jessica
D:4:      minmay_opposing_rooms, layout_cave_pools,
          nicolae_overflow_hidden_temple, uniq_eustachio
D:5:      layout_layer_cave, gammafunk_temple_overflow_elements, kennysheep_mini
D:6:      layout_loops_corners, basic_altar, grunt_dithmenos_smoke_and_mirrors,
          uniq_prince_ribbit1
D:7:      layout_loops_ring, minmay_temple_entry_antechambers,
          grunt_decor_arrowhead, uniq_crazy_yiuf_cottage
D:8:      layout_cave_pods, gammafunk_ghost_arena
D:9:      layout_irregular_city, makhleb_grotto_becter,
          erik_lair_orcish_takeover
D:10:     layout_roguey, basic_altar, minmay_librarian
D:11:     layout_stronghold, zombieorc2_lemuel, uniq_josephine
Temple:   eino_temple_scatter_basement
Lair:1:   layout_roguey [special_room_bee]
Lair:2:   layout_layer_cave, minmay_swamp_entry_wisps, minmay_lair_oklob_chamber
Orc:1:    layout_caves, enter_volcano_2, serial_shops, shop
Orc:2:    grunt_orc_cross, layout_diamond_mine, nicolae_orc_damp_corner,
          uniq_maurice, uniq_sonja

Skill      XL: |  1  2  3  4  5  6  7  8  9 10 11 12 |
---------------+-------------------------------------+-----
Maces & Flails | 2 3 4 5 7 8 9 10 | 10.4
Fighting       | 3 4 5 6 7 |  7.8
Shields        | 3 4 5 6 7 |  7.8
Armour         | 3 4 5 6 7 |  7.0
Dodging        | 1 2 3 4 5 6 |  6.2
Throwing       | 1 2 3 4 5 6 |  6.6
Evocations     | 1 3 4 5 |  5.3

Action                   |  1- 3 |  4- 6 |  7- 9 | 10-12 || total
-------------------------+-------+-------+-------+-------++-------
Melee: Flail             |    69 |   119 |   229 |       ||   417
       Bite              |    13 |    32 |    84 |   213 ||   342
       Morningstar       |       |       |    38 |   622 ||   660
       Whip              |       |       |    16 |       ||    16
Throw: Dart              |       |     5 |    16 |     9 ||    30
Invok: Upheaval          |       |       |       |     5 ||     5
Evoke: Wand              |       |       |     5 |     1 ||     6
  Use: Scroll            |       |       |     4 |     5 ||     9
       Potion            |       |       |       |     1 ||     1
Armor: Scale mail        |    28 |    55 |   105 |       ||   188
       Leather armour    |       |       |    12 |    99 ||   111
       Fire dragon scale |       |       |       |    10 ||    10
       Chain mail        |       |       |       |   104 ||   104
Dodge: Dodged            |    16 |    34 |   100 |   212 ||   362
Block: Kite shield       |    34 |    64 |   157 |   588 ||   843

Table legend: (Time is in decaauts)
 A = Elapsed time spent in this place.
 B = Non-inter-level travel time spent in this place.
 C = Inter-level travel time spent in this place.
 D = Time resting spent in this place.
 E = Time spent auto-exploring this place.
 F = Levels seen in this place.
 G = Mean time per level.
                   A        B        C        D        E       F      G
               +--------+--------+--------+--------+--------+-----+--------+
         Total |  13380 |  12730 |    650 |    231 |   9433 |  17 |  787.1 |
       Dungeon |  10879 |  10297 |    582 |     34 |   8154 |  11 |  989.0 |
        Temple |     61 |     54 |      7 |      0 |     51 |   1 |   61.0 |
          Lair |    807 |    791 |     16 |      0 |    581 |   2 |  403.5 |
  Orcish Mines |   1309 |   1266 |     43 |    144 |    548 |   2 |  654.5 |
       Volcano |    322 |    322 |      0 |     53 |     99 |   1 |  322.0 |
               +--------+--------+--------+--------+--------+-----+--------+

Top non-repeatable levels by time:
     D:5: 1266 daAuts
     D:3: 1246 daAuts
     D:8: 1140 daAuts
    D:11: 1117 daAuts
    D:10: 955 daAuts
     D:1: 949 daAuts
     D:7: 940 daAuts
     D:9: 877 daAuts
     D:6: 854 daAuts
  Lair:1: 778 daAuts
   Orc:1: 777 daAuts
     D:4: 767 daAuts
     D:2: 763 daAuts
   Orc:2: 532 daAuts
 Volcano: 322 daAuts
